 Dungeon Crawl Stone Soup version 0.14.0-24-gfb45beb (webtiles) character file.

1292 Fungus the Insei (level 8, 0/48 HPs)
             Began as an Octopode Transmuter on Apr 23, 2014.
             Slain by Prince Ribbit (9 damage)
             ... on Level 4 of the Dungeon.
             The game lasted 00:22:51 (5820 turns).

Fungus the Insei (Octopode Transmuter)              Turns: 5820, Time: 00:22:51

HP   0/48        AC  2     Str  9      XL: 8   Next: 12%
MP  12/14        EV 20     Int 16      God:
Gold 353         SH  0     Dex 24      Spells:  2 memorised,  8 levels left

rFire  . . .     SeeInvis .     y - melded +1,+2 whip (vamp)
rCold  . . .     Clarity  .     (shield currently unavailable)
rNeg   + . .     Conserve .     (helmet currently unavailable)
rPois  x         rCorr    .     (no amulet)
rElec  .         rRot     .     e - ring of positive energy
SustAb . .       Spirit   .     j - +5 ring of dexterity
rMut   .         Warding  .     (no ring)
Saprov . . .     Stasis   .     (no ring)
MR     .....                    (no ring)
                                (no ring)
                                (no ring)
                                (no ring)

@: spider-form, quick, not resistant to hostile enchantments, fairly stealthy
A: almost no armour, amphibious, 8 rings, (constrict 8), (camouflage 0),
(gelatinous body 0)
a: End Transformation


You were on level 4 of the Dungeon.
You were not hungry.
You were in spider-form.
You visited 1 branch of the dungeon, and saw 5 of its levels.

You collected 353 gold pieces.

Inventory:

Hand weapons
 f - a +0,+0 mace of draining
 t - a +3,+1 vampiric whip
 y - a +1,+2 vampiric whip (melded)
Missiles
 b - 12 arrows
 q - 20 darts (quivered)
 A - 4 darts of flame
Magical devices
 c - a wand of teleportation (2)
 h - a wand of confusion (11)
 u - a wand of flame (11)
 w - a wand of enslavement (7)
Comestibles
 a - 3 bread rations
 p - a pear
 z - a banana
 B - 2 chunks of orc flesh
 C - a chunk of bat flesh
 D - a chunk of jackal flesh
Scrolls
 k - a scroll of fear
Jewellery
 e - a ring of positive energy (left front leg)
 j - a +5 ring of dexterity (right front leg)
Potions
 i - a potion of curing
 l - 3 potions of might
 m - 2 potions of heal wounds
 n - a potion of agility
 r - a potion of brilliance
 s - a potion of invisibility {unknown}
 v - a potion of restore abilities
Books
 d - a book of Changes

   Spells                             Type                      Level
   *Beastly Appendage                 Transmutation                1
   Sticks to Snakes                   Transmutation                2
   *Spider Form                       Transmutation/Poison         3
   Ice Form                           Ice/Transmutation            4
   Blade Hands                        Transmutation                5
 g - a book of Conjurations

   Spells                             Type                      Level
   Magic Dart                         Conjuration                  1
   Searing Ray                        Conjuration                  2
   Dazzling Spray                     Conjuration/Hexes            3
   Fulminant Prism                    Conjuration/Hexes            4
   Iskenderun's Mystic Blast          Conjuration                  4
   Iskenderun's Battlesphere          Conjuration/Charms           5


   Skills:
 - Level 1.0 Fighting
 - Level 2.0 Dodging
 * Level 6.6 Unarmed Combat
 + Level 2.9 Spellcasting
 - Level 5.0 Transmutations
 - Level 5.0 Poison Magic


You had 8 spell levels left.
You knew the following spells:

 Your Spells              Type           Power        Failure   Level  Hunger
s - Spider Form           Trmt/Pois      ###.......   24%         3    ###....
Z - Beastly Appendage     Trmt           ###...       10%         1    #......


Dungeon Overview and Level Annotations

Branches:
Dungeon (5/15)
 Temple: D:4-7

Altars:
Dithmenos
Sif Muna
Zin
The Shining One

Annotations:
D:4 Prince Ribbit


Innate Abilities, Weirdness & Mutations

You cannot wear most types of armour.
You are amphibious.
You can wear up to eight rings at the same time.*
((You can use your tentacles to constrict many enemies at once.))*
((Your skin changes colour to match your surroundings (Stlth).))*
((Your rubbery body absorbs attacks (AC +1).))*


Message History

You hit the hound but do no damage. The hound barely misses you.
Unknown command.
Prince Ribbit momentarily phases out as your attack passes through him.
Prince Ribbit is moderately wounded.
The hound bites you. Prince Ribbit misses you. The hound misses you.
Unknown command.
You bite Prince Ribbit!
Prince Ribbit is heavily wounded.
Prince Ribbit closely misses you. The hound misses you.
Unknown command.
You miss Prince Ribbit.
Prince Ribbit is heavily wounded.
Prince Ribbit misses you. The hound misses you.
Unknown command.
You miss Prince Ribbit.
Prince Ribbit is heavily wounded.
Prince Ribbit hits you!
* * * LOW HITPOINT WARNING * * *
The hound barely misses you. Prince Ribbit hits you!
You die...

########## #########
#........###..sF...#
###........'.#.h.....#
..'........#.#.......#
.##........#.#.......#
###........#.#.......#
#........#.#.......#
#......?.#.#.......#
#........#.#.......#
#........#.'.......#


You could see Prince Ribbit and a hound.

Vanquished Creatures
  Eustachio (D:5)
  An ogre (D:4)
  Sigmund (D:4)
  A hippogriff skeleton (D:3)
  An orc priest (D:4)
  2 hounds (D:4)
  A giant frog skeleton (D:4)
  2 iguanas (D:4)
  Natasha (thrice) (D:4)
  2 orc wizards (D:4)
  3 worker ants
  Terence (D:2)
  8 gnolls (D:3)
  5 adders
  3 giant mites
  3 worms
  An ooze (D:2)
  11 orcs
  3 ball pythons
  3 giant cockroaches
  7 goblins
  5 hobgoblins
  9 jackals
  10 kobolds
  9 bats
  2 giant newts
  13 rats
  A rat zombie (D:4)
  A plant (D:3)
113 creatures vanquished.

Notes
Turn   | Place    | Note
--------------------------------------------------------------
     0 | D:1      | Fungus, the Octopode Transmuter, began the quest for the Orb.
     0 | D:1      | Reached XP level 1. HP: 13/13 MP: 3/3
    55 | D:1      | Reached XP level 2. HP: 1/18 MP: 2/4
   899 | D:1      | Reached XP level 3. HP: 23/23 MP: 6/6
  1308 | D:1      | Learned a level 3 spell: Spider Form
  1414 | D:2      | Reached XP level 4. HP: 28/28 MP: 7/7
  1580 | D:2      | Noticed Terence
  1588 | D:2      | Killed Terence
  1588 | D:2      | Reached skill level 4 in Unarmed Combat
  1588 | D:2      | Reached skill level 1 in Poison Magic
  1864 | D:2      | Found a deep blue altar of Sif Muna.
  2144 | D:3      | Reached XP level 5. HP: 28/33 MP: 6/9
  3242 | D:3      | Reached XP level 6. HP: 38/38 MP: 6/10
  3620 | D:3      | Found a glowing silver altar of Zin.
  4364 | D:4      | Found a glowing golden altar of the Shining One.
  4496 | D:4      | Noticed Sigmund
  4750 | D:4      | Reached XP level 7. HP: 43/43 MP: 12/12
  4775 | D:4      | Noticed Natasha
  4782 | D:4      | Killed Natasha
  4782 | D:4      | Reached skill level 5 in Poison Magic
  4802 | D:4      | Reached skill level 5 in Unarmed Combat
  4825 | D:4      | Killed Sigmund
  5364 | D:4      | Reached skill level 6 in Unarmed Combat
  5364 | D:4      | Reached skill level 5 in Transmutations
  5392 | D:4      | Noticed Natasha
  5489 | D:4      | Killed Natasha
  5658 | D:4      | Noticed Natasha
  5663 | D:4      | Killed Natasha
  5782 | D:5      | Entered Level 5 of the Dungeon
  5782 | D:5      | Found a shadowy altar of Dithmenos.
  5788 | D:5      | Noticed Eustachio
  5792 | D:5      | Noticed Prince Ribbit
  5803 | D:5      | Killed Eustachio
  5803 | D:5      | Reached XP level 8. HP: 44/48 MP: 10/14
  5820 | D:4      | Slain by Prince Ribbit

Action                   |  1- 3 |  4- 6 |  7- 9 || total
-------------------------+-------+-------+-------++-------
Melee: Unarmed           |    21 |    89 |    72 ||   182
       Short sword       |    15 |       |       ||    15
       Whip              |    14 |    85 |    15 ||   114
Throw: Dart              |    16 |       |       ||    16
 Cast: Beastly Appendage |     8 |       |       ||     8
       Spider Form       |       |    12 |    13 ||    25
 Abil: End Transformatio |       |       |     1 ||     1
Evoke: Wand              |       |     1 |     2 ||     3
  Use: Scroll            |       |    19 |       ||    19
       Potion            |       |     2 |       ||     2
 Stab: Sleeping          |     1 |     2 |     1 ||     4
       Distracted        |       |     2 |       ||     2
